 Dungeon Crawl Stone Soup version 0.24.0-37-gcf1ca852f1 (webtiles) character file.

Game seed: 13295250374074722012, levelgen mode: deterministic

57 Delarado the Chucker (level 3, -4/29 HPs)
             Began as a Centaur Hunter on Nov 29, 2019.
             Killed from afar by an orc wizard (6 damage)
             ... with a puff of flame
             ... on level 2 of the Dungeon.
             The game lasted 00:06:59 (1496 turns).

Delarado the Chucker (Centaur Hunter)               Turns: 1496, Time: 00:07:00

Health: -4/29      AC:  7    Str: 15    XL:     3   Next: 73%
Magic:  3/3        EV:  8    Int: 10    God:
Gold:   80         SH:  0    Dex:  9    Spells: 2/2 levels left

rFire    . . .     SeeInvis .   a - +1 short sword
rCold    + . .     Gourm    .   k - +0 buckler
rNeg     . . .     Faith    .   b - +0 leather armour
rPois    .         Spirit   .   (no helmet)
rElec    .         Reflect  .   n - +0 cloak
rCorr    .         Harm     .   (no gloves)
MR       .....                  (no barding)
Stlth    ..........             (no amulet)
HPRegen  0.09/turn              l - ring of protection from cold
MPRegen  0.08/turn              r - +2 ring of protection

@: confused, very heavily drained, very quick
A: large, hooves 3, deformed body, speed 2, tough skin 3
a: no special abilities


You were on level 2 of the Dungeon.
You were not hungry.

You visited 1 branch of the dungeon, and saw 2 of its levels.

You collected 80 gold pieces.

Inventory:

Hand Weapons
 a - a +1 short sword (weapon)
Missiles
 d - a throwing net (quivered)
 i - 41 stones
Armour
 b - a +0 leather armour (worn)
 k - a +0 buckler (worn)
 n - a +0 cloak (worn)
Jewellery
 l - a ring of protection from cold (left hand)
 r - a +2 ring of protection (right hand)
Scrolls
 e - a scroll of remove curse
 g - a scroll of random uselessness {unknown}
 m - a scroll of amnesia {unknown}
 q - 2 scrolls of enchant weapon
 t - a scroll of enchant armour {unknown}
 u - a scroll of blinking {unknown}
Potions
 j - a potion of ambrosia
 o - a potion of magic
 p - a potion of heal wounds {unknown}
Comestibles
 f - 2 rations


   Skills:
 - Level 2.0(0.0) Fighting
 + Level 5.5(0.9) Throwing
 - Level 1.3(0.0) Dodging
 - Level 0.4(0.0) Stealth
 + Level 1.2(0.0) Shields


You had 2 spell levels left.
You didn't know any spells.
Your spell library was empty.

Dungeon Overview and Level Annotations

Branches:
Dungeon (2/15)

Altars:
Fedhas
Kikubaaqudgha


Innate Abilities, Weirdness & Mutations

You have hooves in place of feet.
Armour fits poorly on your strangely shaped body.
You cover ground very quickly.
You have extremely tough skin. (AC +3)


Message History

You bump into the rock wall.
You hear some strange, mumbled words.
A magic dart appears from out of thin air!
The magic dart hits you.
* * * LOW HITPOINT WARNING * * *
You closely miss something. Your kick misses something.
You hear some strange, mumbled words.
You are more confused.
You closely miss something. Your kick misses something.
You hear some strange, mumbled words.
A magic dart appears from out of thin air!
The magic dart hits you.
* * * LOW HITPOINT WARNING * * *
You completely miss something. Something hits you but does no damage.
You feel drained.
You barely miss something. Your kick misses something.
You hear some strange, mumbled words.
A puff of flame appears from out of thin air!
The puff of flame hits you.
You die...

########## #
#........#########
##
#.######{@.......#
#. ## #.#
#########.# #. .#
#.# #######.# #.
.# #)# #.......#
#. .# #.#
#.#####.########.
.# #.# #.#
#.......... .# #.#
#.# #..######## ^#
#.# #.# ##.# # .#
##(########.# #.#
#


There were no monsters in sight!

Vanquished Creatures
  An adder (D:2)
  An ooze (D:2)
  A worm (D:2)
  A leopard gecko (D:1)
  An orc (D:2)
  5 giant cockroaches
  2 goblins (D:1)
  5 hobgoblins
  3 jackals (D:2)
  6 kobolds
  5 bats (D:1)
  A frilled lizard (D:2)
  5 rats
37 creatures vanquished.

Notes
Turn   | Place    | Note
-------+----------+-------------------------------------------
     0 | D:1      | Delarado the Centaur Hunter began the quest for the Orb.
     0 | D:1      | Reached XP level 1. HP: 17/17 MP: 1/1
   185 | D:1      | Reached XP level 2. HP: 20/24 MP: 2/2
   267 | D:1      | Reached skill level 5 in Throwing
   721 | D:2      | Reached XP level 3. HP: 19/29 MP: 3/3
   850 | D:2      | Reached skill level 1 in Shields
  1073 | D:2      | Noticed an orc warrior
  1290 | D:2      | Found an ancient bone altar of Kikubaaqudgha.
  1339 | D:2      | Found a blossoming altar of Fedhas.
  1496 | D:2      | Killed from afar by an orc wizard

Levels and vault maps discovered:
D:1:      erik_arrival_blinker_ship, layout_rooms
D:2:      kennysheep_big_flooded_room, layout_loops_ring, old_standard_altar,
          gammafunk_temple_overflow_statue, old_standard_altar,
          okawaru_gym_becter

Skill      XL: |  1  2  3 |
---------------+----------+-----
Throwing       | 5 |  5.5
Shields        | 1 |  1.2
Fighting       | |  2.0
Dodging        | |  1.3
Stealth        | |  0.4

Action                   || total
-------------------------++-------
Melee: Short sword       ||    99
       Kick              ||    19
Throw: Javelin           ||    23
       Stone             ||    15
       Throwing net      ||     2
  Use: Scroll            ||     4
  Eat: Chunk             ||     1
Armor: Leather armour    ||    49
Dodge: Dodged            ||    40
Block: Buckler           ||     6
